 Dungeon Crawl Stone Soup version 0.31-a0-496-g6f97920a28 (webtiles) character file.

Game seed: 15337245149297407969

72 RepHenryClay the Conjurer (level 4, -4/24 HPs)
             Began as a Tengu Air Elementalist on Aug 8, 2023.
             Slain by a cerulean imp
             ... wielding a +0 spear
             ... summoned by Natasha
              (5 damage)
             ... on level 2 of the Dungeon.
             The game lasted 00:02:02 (1357 turns).

RepHenryClay the Conjurer (Tengu Air Elementalist)  Turns: 1357, Time: 00:02:03

Health: -4/24      AC:  2    Str:  9    XL:     4   Next: 26%
Magic:  3/8        EV: 12    Int: 17    God:
Gold:   20         SH:  0    Dex: 14    Spells: 6/7 levels left

rFire   . . .        g - staff of poison
rCold   + . .        (no shield)
rNeg    . . .        a - +0 robe
rPois   +            (helmet restricted)
rElec   .            (no cloak)
rCorr   .            (no gloves)
SInv    .            (boots unavailable)
Will    .....        (no amulet)
Stlth   ++           c - ring of protection from cold
HPRegen 0.24/turn    (no ring)
MPRegen 0.11/turn

%: no passive effects
@: no status effects
A: beak, talons 3
a: no special abilities


You were on level 2 of the Dungeon.
You visited 1 branch of the dungeon, and saw 2 of its levels.

You collected 60 gold pieces.
You spent 40 gold pieces at shops.

Inventory:

Armour
 a - a +0 robe (worn)
Magical Staves
 g - a staff of poison (weapon)
Jewellery
 c - a ring of protection from cold (left hand)
Scrolls
 d - a scroll of identify {unknown}
 e - a scroll of poison {unknown}
 h - a scroll of enchant weapon {unknown}
 i - a scroll of enchant armour {unknown}
 j - a scroll of teleportation
 k - a scroll of noise
Potions
 b - a potion of magic
 f - a potion of berserk rage {unknown}


   Skills:
 - Level 2.1 Dodging
 - Level 2.0 Stealth
 - Level 2.0 Spellcasting
 + Level 5.3 Conjurations
 - Level 4.0 Air Magic


You had 6 spell levels left.
You knew the following spells:

 Your Spells              Type           Power      Damage    Failure   Level
a - Shock                 Conj/Air       68%        1d7       2%          1

Your spell library contained the following spells:

 Spells                   Type           Power      Damage    Failure   Level
 Static Discharge         Conj/Air       34%        2-4/arc   4%          2
 Swiftness                Air            15%        N/A       11%         3
 Airstrike                Air            7%         2d(2-18)  36%         4


Dungeon Overview and Level Annotations

Branches:
Dungeon (2/15)

Altars:

Shops:
D:1 ?

Annotations:
D:2 Natasha


Innate Abilities, Weirdness & Mutations

You have a beak for a mouth.
You have claws for feet.


Message History

The zap hits the worm.
You kill the worm!
Casting: Shock (safe; 2% risk of failure)
Confirm with . or Enter, or press ? or * to list all spells.
You can't see any susceptible monsters within range! (Use Z to cast anyway.)
Casting: Shock (safe; 2% risk of failure)
Confirm with . or Enter, or press ? or * to list all spells.
You can't see any susceptible monsters within range! (Use Z to cast anyway.) Natasha, Servant of Life and Death comes into view.
Casting: Shock (safe; 2% risk of failure)
Confirm with . or Enter, or press ? or * to list all spells.
Aiming: Shock (safe; 2% risk of failure)
Press: ? - help, Shift-Dir - straight line, f - Natasha
Aim: Natasha (wandering, hasn't noticed you, 64% to hit)
The zap hits Natasha.
Natasha is lightly wounded.
Natasha hisses angrily.
Natasha howls an incantation.
You feel troubled.
A hobgoblin comes into view. It is wielding a +0 mace.
The hobgoblin closely misses you. The hobgoblin closely misses you.
The hobgoblin hits you with a +0 mace.
Damage: -16%(-4hp) hp: 84%(20hp) Natasha mumbles some strange words.
Natasha wildly gestures.
Natasha glows brightly for a moment.
The hobgoblin attacks as you move away! The hobgoblin barely misses you.
The hobgoblin attacks as you move away! The hobgoblin hits you with a +0 mace.
Huge Dmg: -25%(-6hp) hp: 63%(15hp)
The hobgoblin attacks as you move away! The hobgoblin barely misses you.
The hobgoblin attacks as you move away! The hobgoblin hits you with a +0 mace!
* * * LOW HITPOINT WARNING * * *
There is a stone staircase leading up here.
Huge Dmg: -25%(-6hp) hp: 38%(9hp) Natasha casts a spell.
The hobgoblin hits you with a +0 mace!
* * * LOW HITPOINT WARNING * * *
The cerulean imp hits you from afar with a +0 spear.
You die...

....###.#######. #
#.# #.# ###.##
###....#
#......####
#.#.......#####
#.#.......#...#
#####.#......##.@.#
#.......##.###.g..#
#...#....h.###.5.##
#...###.##.##.5..#
#.).# #.##..h...##
##...###.###...8.#
..........###....##
##....##### ##..(.#
#.<..# ##...##


You could see Natasha, 2 cerulean imps and a hobgoblin.

Vanquished Creatures
  Natasha (D:2)
  An adder (D:2)
  A worm (D:2)
  A dart slug (D:1)
  A ball python (D:2)
  4 endoplasms
  2 giant cockroaches (D:1)
  4 goblins (D:1)
  3 hobgoblins
  2 jackals (D:1)
  2 kobolds
  A quokka (D:1)
  3 bats (D:1)
  A frilled lizard (D:1)
  4 rats
31 creatures vanquished.

Notes
Turn   | Place    | Note
-------+----------+-------------------------------------------
     0 | D:1      | RepHenryClay the Tengu Air Elementalist began the quest for
                  | the Orb.
     0 | D:1      | Reached XP level 1. HP: 10/10 MP: 4/4
    56 | D:1      | Reached skill level 2 in Conjurations
   179 | D:1      | Reached XP level 2. HP: 15/15 MP: 4/6
   246 | D:1      | Reached skill level 3 in Conjurations
   695 | D:1      | Reached XP level 3. HP: 19/19 MP: 3/7
   816 | D:1      | Reached skill level 4 in Conjurations
   931 | D:1      | Found Kiot's Magic Scroll Shop.
   934 | D:1      | Bought a scroll of teleportation for 30 gold pieces
   934 | D:1      | Bought a scroll of noise for 10 gold pieces
  1010 | D:2      | Noticed Natasha
  1185 | D:2      | Killed Natasha
  1186 | D:2      | Reached skill level 5 in Conjurations
  1186 | D:2      | Reached XP level 4. HP: 16/24 MP: 1/8
  1337 | D:2      | Noticed Natasha
  1357 | D:2      | HP: 1/24 [hobgoblin/+0 mace (8)]
  1357 | D:2      | Slain by a cerulean imp

Illustrated notes

Levels and vault maps discovered:
D:1:      saegor_arrival_simple_d, layout_rooms, serial_shops,
          nicolae_shop_rolled_up, kennysheep_another_room
D:2:      layout_basic, grunt_ministairs_12, uniq_natasha

Skill      XL: |  1  2  3 |
---------------+----------+-----
Conjurations   | 2 3 5 |  5.3
Dodging        | |  2.1
Stealth        | |  2.0
Spellcasting   | |  2.0
Air Magic      | |  4.0

Action                     |  1- 3 |  4- 6 || total
---------------------------+-------+-------++-------
  Melee: Unarmed           |     8 |       ||     8
         Kick              |     1 |       ||     1
         Peck              |     1 |       ||     1
         Staff             |     1 |       ||     1
   Cast: Shock             |    62 |    13 ||    75
    Use: Potion            |     1 |       ||     1
 Armour: Robe              |    10 |       ||    10
  Dodge: Dodged            |    10 |     4 ||    14

Table legend: (Time is in decaauts)
 A = Elapsed time spent in this place.
 B = Non-inter-level travel time spent in this place.
 C = Inter-level travel time spent in this place.
 D = Time resting spent in this place.
 E = Time spent auto-exploring this place.
 F = Levels seen in this place.
 G = Mean time per level.
                   A        B        C        D        E       F      G
               +--------+--------+--------+--------+--------+-----+--------+
         Total |   1357 |   1303 |     54 |    103 |   1026 |   2 |  678.5 |
       Dungeon |   1357 |   1303 |     54 |    103 |   1026 |   2 |  678.5 |
               +--------+--------+--------+--------+--------+-----+--------+

Top non-repeatable levels by time:
     D:1: 1091 daAuts
     D:2: 265 daAuts
